 Dungeon Crawl Stone Soup version 0.28.0 (webtiles) character file.

Game seed: 2062354461109352132

263 crazypyro the Chopper (level 5, -3/46 HPs)
             Began as a Minotaur Fighter on Feb 6, 2022.
             Was an Initiate of Hepliaklqana.
             Slain by a goblin (4 damage)
             ... on level 4 of the Dungeon.
             The game lasted 00:02:20 (2203 turns).

crazypyro the Chopper (Minotaur Fighter)            Turns: 2203, Time: 00:02:21

Health: -3/46      AC:  5    Str: 23    XL:     5   Next: 97%
Magic:  4/4        EV: 10    Int:  5    God:    Hepliaklqana [......]
Gold:   72         SH:  4    Dex:  9    Spells: 4/4 levels left

rFire   . . .      SeeInvis .   a - +0 war axe
rCold   + . .      Faith    .   c - +0 buckler
rNeg    . . .      Spirit   .   j - +0 ring mail {rC+}
rPois   .          Reflect  .   (helmet restricted)
rElec   .          Harm     .   (no cloak)
rCorr   .          Rampage  .   (no gloves)
Will    .....                   (no boots)
Stlth   ..........              h - amulet of the acrobat
HPRegen 0.15/turn               (no ring)
MPRegen 0.09/turn               (no ring)

@: lethally poisoned (-3 -> -11)
A: horns 2, retaliatory headbutt
a: Renounce Religion


You were on level 4 of the Dungeon.
You worshipped Hepliaklqana.
Hepliaklqana was noncommittal.
You visited 1 branch of the dungeon, and saw 5 of its levels.

You collected 72 gold pieces.

Inventory:

Hand Weapons
 a - a +0 war axe (weapon)
Armour
 b - a +0 scale mail
 c - a +0 buckler (worn)
 j - a +0 ring mail of cold resistance (worn)
Jewellery
 h - an amulet of the acrobat (around neck)
Wands
 k - a wand of paralysis (6)
Scrolls
 e - a scroll of immolation {unknown}
 f - a scroll of enchant armour {unknown}
 g - 2 scrolls of identify {unknown}
 l - a scroll of enchant weapon {unknown}
Potions
 d - a potion of might
 i - a potion of resistance {unknown}


   Skills:
 - Level 4.0 Fighting
 * Level 7.0 Axes
 - Level 4.0 Armour
 - Level 4.0 Shields


You had 4 spell levels left.
You didn't know any spells.
Your spell library was empty.

Dungeon Overview and Level Annotations

Branches:
Dungeon (5/15)
 Temple: D:4-7

Altars:
Dithmenos
Hepliaklqana

Annotations:
D:3 2 runed translucent doors, ZeeToo's ghost, amateur VSCA


Innate Abilities, Weirdness & Mutations

You have a pair of horns on your head.
You reflexively headbutt those who attack you in melee.


Message History

You closely miss the orc wizard. You closely miss the adder.
The orc priest calls upon Beogh to heal the orc wizard.
The orc wizard is healed somewhat.
The adder bites you.
You are poisoned.
The adder poisons you! The orc wizard barely misses you.
You furiously retaliate!
You headbutt the orc wizard.
The hound stops to sniff the ground.
You barely miss the orc priest. Your headbutt misses the orc priest.
You barely miss the orc wizard. You miss the adder.
You feel sick.
A ball python comes into view.
The adder bites you.
You are more poisoned.
The adder poisons you!
The orc wizard hits you with a +0 dagger.
The iguana hisses menacingly.
The adder bites you but does no damage.
The orc priest hits you with a +0 flail.
You barely miss the orc priest. You hit the adder. You hit the orc.
You kill the orc!
You hit the orc wizard but do no damage.
You feel sick.
The orc wizard points at you and mumbles some strange words.
The magic dart hits you!
The orc priest hits you but does no damage.
You hit the orc priest but do no damage.
You hit the orc wizard but do no damage.
You hit the goblin. You barely miss the adder.
You feel sick. The adder bites you.
The orc wizard gestures at you while chanting.
The magic dart hits you!
* * * LOW HITPOINT WARNING * * *
The goblin barely misses you. The hound barely misses you.
The orc priest hits you with a +0 flail.
* * * LOW HITPOINT WARNING * * *
The adder bites you.
* * * LOW HITPOINT WARNING * * *
You are more poisoned.
The adder poisons you! The orc wizard closely misses you.
The goblin hits you with a +0 club.
You die...

##..####.# .......#..
.. #...#.#.# #.#
.......## #..# ..
......# ... .
....###.#..##..#.#
...........#S#..#
##.###.#.Shlw#
#.....@go.#
...######.#.#.ooo.#
#........#.#####.....
#....#.###.. ....
..... #.# #### ###
#### #.# #.######
#......### #.........


You could see an iguana, a hound, an orc priest, an orc wizard, an adder, a dart
slug, 2 orcs, a goblin and a ball python.

Vanquished Creatures
  An ogre (D:5)
  3 orc priests (D:3)
  A gnoll (D:1)
  2 adders
  A worm (D:3)
  An orc (D:4)
  7 ball pythons
  5 endoplasms
  3 giant cockroaches
  2 hobgoblins
  4 jackals (D:3)
  5 kobolds
  4 quokkas
  6 bats
  3 frilled lizards
  5 goblins
  7 rats
  A spectral hobgoblin (D:1)
61 creatures vanquished.

Notes
Turn   | Place    | Note
-------+----------+-------------------------------------------
     0 | D:1      | crazypyro the Minotaur Fighter began the quest for the Orb.
     0 | D:1      | Reached XP level 1. HP: 19/19 MP: 0/0
    92 | D:1      | Reached XP level 2. HP: 27/27 MP: 1/1
   118 | D:1      | Reached skill level 3 in Axes
   468 | D:1      | Found a faded altar of an unknown god.
   575 | D:1      | Reached XP level 3. HP: 31/33 MP: 2/2
   825 | D:2      | Found a shadowy altar of Dithmenos.
  1075 | D:2      | Reached skill level 4 in Axes
  1146 | D:3      | Reached XP level 4. HP: 40/40 MP: 3/3
  1298 | D:3      | Found a hazy altar of Hepliaklqana.
  1423 | D:3      | Became a worshipper of Hepliaklqana the Forgotten
  1463 | D:3      | Reached skill level 5 in Axes
  1465 | D:3      | Reached XP level 5. HP: 17/46 MP: 4/4
  1469 | D:3      | Reached skill level 6 in Axes
  1835 | D:3      | Found a large runed translucent door.
  1835 | D:3      | Found a large runed translucent door.
  1839 | D:3      | Noticed ZeeToo's ghost (amateur VSCA)
  1996 | D:3      | You fall into a shaft and drop 2 floors!
  1996 | D:5      | Entered Level 5 of the Dungeon
  2006 | D:5      | Noticed an ogre
  2011 | D:5      | Killed an ogre
  2012 | D:5      | Reached skill level 7 in Axes
  2203 | D:4      | HP: 1/46 [adder (2)]
  2203 | D:4      | Slain by a goblin

Illustrated notes

Levels and vault maps discovered:
D:1:      lemuel_arrival_lava_pool, layout_basic,
          dreamdust_ecumenical_altar_drowned_temple
D:2:      layout_rooms, basic_altar
D:3:      layout_basic, mainiacjoe_overflow_brackets, old_standard_altar,
          ebering_ghost_disaster_area
D:4:      layout_basic, minmay_ruined_shrine
D:5:      layout_rooms, mainiacjoe_overflow_boulevard, lemuel_tele_altar,
          lemuel_coloured_pillars_altar, minmay_temple_entry_gardened_gates,
          chequers_serial_rivers_micro_a, nicolae_stop_n_shop_1

Skill      XL: |  1  2  3  4  5 |
---------------+----------------+-----
Axes           | 3 4 5 7 |  7.0
Shields        | 4 |  4.0
Fighting       | 4 |  4.0
Armour         | 4 |  4.0

Action                   |  1- 3 |  4- 6 || total
-------------------------+-------+-------++-------
Melee: War axe           |    74 |    46 ||   120
       Headbutt          |     9 |     5 ||    14
Armor: Scale mail        |    44 |    11 ||    55
       Ring mail         |       |     3 ||     3
Dodge: Dodged            |    40 |    24 ||    64
Block: Buckler           |    18 |    11 ||    29
